 Dungeon Crawl Stone Soup version 0.31-a0-819-gf6de2f5ab6 (webtiles) character file.

Game seed: 6244061545294837480

773 qw the Skirmisher (level 7, -1/44 HPs)
             Began as a Gargoyle Hunter on Sept 23, 2023.
             Slain by Pikel
             ... wielding a +1 whip of flaming
              (3 damage)
             ... on level 5 of the Dungeon.
             The game lasted 00:01:26 (3453 turns).

qw the Skirmisher (Gargoyle Hunter)                 Turns: 3453, Time: 00:01:27

Health: -1/44      AC: 11    Str: 15    XL:     7   Next: 83%
Magic:  7/7        EV: 12    Int:  9    God:
Gold:   196        SH:  0    Dex: 15    Spells: 6/6 levels left

rFire   . . .        Y - +0 shortbow (freeze)
rCold   . . .        (shield currently unavailable)
rNeg    + + .        c - +2 robe {rN+}
rPois   inf          e - +1 helmet
rElec   +            d - +0 cloak
rCorr   .            (no gloves)
SInv    .            (no boots)
Will    .....        (no amulet)
Stlth   ++           (no ring)
HPRegen 0.27/turn    (no ring)
MPRegen 0.10/turn

%: no passive effects
@: no status effects
A: sickness immunity, AC +4, negative energy resistance 1, electricity
resistance, torment resistance 1, petrification resistance
a: no special abilities


You were on level 5 of the Dungeon.
You visited 2 branches of the dungeon, and saw 6 of its levels.

You collected 196 gold pieces.


Innate Abilities, Weirdness & Mutations

You are immune to sickness and miasma.
Your stone body is resilient. (AC +4)
You are immune to poison.
You resist negative energy. (rN+)
You are resistant to electric shocks. (rElec)
You are resistant to unholy torment.
You are immune to petrification.


   Skills:
 - Level 5.0 Fighting
 + Level 8.1 Ranged Weapons
 - Level 1.0 Armour
 - Level 2.1 Dodging
 - Level 1.1 Stealth


You had 6 spell levels left.
You didn't know any spells.
Your spell library was empty.

Inventory:

Hand Weapons
 Y - a +0 shortbow of freezing (weapon)
Armour
 c - a +2 robe of positive energy (worn)
 d - a +0 cloak (worn)
 e - a +1 helmet (worn)
Scrolls
 a - a scroll of identify
Potions
 f - a potion of haste {unknown}
 g - a potion of enlightenment {unknown}
 h - a potion of degeneration {unknown}
 i - a potion of resistance {unknown}

Dungeon Overview and Level Annotations

Branches:
Dungeon (5/15)             Temple (1/1) D:4

Altars:
Ashenzari
Cheibriados
Elyvilon
Fedhas
Hepliaklqana
Nemelex Xobeh
Qazlal
Ru
Trog
Uskayaw
Vehumet
Wu Jian
Xom
Yredelemnul
Zin

Annotations:
D:5 Pikel


Message History

Pikel misses you. The lemure barely misses you.
You shoot an arrow. The arrow hits the lemure.
The arrow freezes the lemure.
The lemure is severely wounded.
Pikel misses you. The lemure misses you.
You shoot an arrow. The arrow misses the lemure.
Pikel hits you with a +1 whip of flaming.
Pikel burns you. The lemure hits you but does no damage.
You shoot an arrow. The arrow misses the lemure.
Pikel hits you with a +1 whip of flaming.
Pikel burns you. The lemure closely misses you.
You shoot an arrow. The arrow hits the lemure.
The arrow freezes the lemure.
The lemure is severely wounded.
Pikel hits you but does no damage. The lemure hits you!
You shoot an arrow. The arrow hits the lemure.
The arrow freezes the lemure.
The lemure is almost dead.
Pikel hits you with a +1 whip of flaming!
Pikel burns you. The lemure closely misses you.
You shoot an arrow. The arrow barely misses the lemure.
Pikel hits you but does no damage. The lemure hits you but does no damage.
You shoot an arrow. The arrow hits the lemure!
The arrow freezes the lemure.
You kill the lemure!
That felt strangely unrewarding.
Pikel hits you with a +1 whip of flaming.
Pikel burns you.
You shoot an arrow. The arrow hits Pikel.
The arrow freezes Pikel.
Pikel is lightly wounded.
Pikel misses you.
You shoot an arrow. The arrow closely misses Pikel.
Pikel hits you but does no damage.
You shoot an arrow. The arrow hits Pikel.
The arrow freezes Pikel.
Pikel is lightly wounded.
Pikel hits you but does no damage.
You shoot an arrow. The arrow closely misses Pikel.
Pikel hits you with a +1 whip of flaming.
Pikel burns you.
You shoot an arrow. The arrow hits Pikel.
The arrow freezes Pikel.
Pikel is moderately wounded.
Pikel hits you with a +1 whip of flaming.
You die...
Pikel says, "See you in Hell!"

#....#.#.###..#
##.?.......##..
####.....#.#..#..
###.....#..#..#.#[.
#.....###..##...###
#...### ##..####..)
#..## ##... #.#.
##..## #.. #..#
#5K@.# ##..
......<...# ###
...........# ...
...........# ###.
.......)...# ##
..........##
#...##...## ####
#####


You could see Pikel and a lemure.

Vanquished Creatures
  Sigmund (D:4)
  A water moccasin (D:5)
  An ice beast (D:5)
  3 lemures
  2 scorpions
  A jelly (D:4)
  A sleepcap (D:4)
  Jessica (D:3)
  An iguana (D:5)
  An orc wizard (D:4)
  2 gnolls
  6 adders
  A white imp (D:4)
  A worm (D:4)
  3 dart slugs
  14 orcs
  10 ball pythons
  3 bats
  6 endoplasms
  A giant cockroach (D:2)
  4 hobgoblins
  3 jackals (D:5)
  3 quokkas
  2 frilled lizards (D:1)
  3 goblins
  3 kobolds (D:4)
  2 rats
80 creatures vanquished.

Notes
Turn   | Place    | Note
-------+----------+-------------------------------------------
     0 | D:1      | qw the Gargoyle Hunter began the quest for the Orb.
     0 | D:1      | Reached XP level 1. HP: 12/12 MP: 1/1
     0 | D:1      | 0 ||| qw: Version: 0.3-a-83-gcd0e7d8
     0 | D:1      | 0 ||| qw: Game counter: 1610
     0 | D:1      | 0 ||| qw: Melee chars always use a shield: true
     0 | D:1      | 0 ||| qw: God list: Okawaru
     0 | D:1      | 0 ||| qw: Allow faded altars: false
     0 | D:1      | 0 ||| qw: Do Orc after clearing Dungeon:15 true
     0 | D:1      | 0 ||| qw: Do second Lair branch before Depths: true
     0 | D:1      | 0 ||| qw: Lair rune preference: random
     0 | D:1      | 0 ||| qw: Goals: Normal
     0 | D:1      | 0 ||| PLANNING D:1-11
   187 | D:1      | Reached XP level 2. HP: 17/17 MP: 2/2
   349 | D:1      | Reached XP level 3. HP: 21/21 MP: 3/3
   470 | D:1      | 470 ||| READING 2 scrolls labelled MILUDYV JIMP.
   471 | D:1      | 471 ||| READING scroll labelled ACOGRIA NUTYU.
   472 | D:1      | 472 ||| READING scroll labelled ZOIFISCHU ATSIP.
   573 | D:1      | 573 ||| READING scroll labelled DESMES JUMAEH.
   577 | D:1      | 577 ||| READING scroll labelled MOIHAZ JASUV.
   578 | D:1      | 578 ||| DROPPING scroll of butterflies.
   700 | D:2      | Reached skill level 5 in Ranged Weapons
  1169 | D:2      | 1169 ||| UPGRADING to +0 cloak.
  1174 | D:2      | 1174 ||| UPGRADING to +0 ring mail.
  1184 | D:2      | 1184 ||| DROPPING +0 leather armour.
  1185 | D:2      | 1185 ||| READING scroll labelled DYUSME ANAC.
  1186 | D:2      | 1186 ||| DRINKING 3 coppery potions.
  1187 | D:2      | 1187 ||| READING 2 scrolls of identify.
  1187 | D:2      | 1187 ||| IDENTIFYING silvery potion
  1188 | D:2      | 1188 ||| DROPPING potion of ambrosia.
  1189 | D:2      | 1189 ||| DROPPING 2 potions of brilliance.
  1268 | D:3      | Reached skill level 1 in Armour
  1382 | D:3      | Noticed a scorpion
  1389 | D:3      | Killed a scorpion
  1390 | D:3      | Reached XP level 4. HP: 25/29 MP: 4/4
  1472 | D:3      | Reached XP level 5. HP: 33/33 MP: 5/5
  1683 | D:3      | Noticed Jessica
  1687 | D:3      | Killed Jessica
  1815 | D:3      | 1815 ||| UPGRADING to +2 robe of positive energy.
  1825 | D:3      | 1825 ||| DROPPING +0 ring mail.
  1826 | D:3      | 1826 ||| READING scroll labelled PONUYHO PYQY.
  1946 | D:4      | Noticed Sigmund
  1955 | D:4      | Killed Sigmund
  1956 | D:4      | Reached skill level 6 in Ranged Weapons
  1956 | D:4      | Reached XP level 6. HP: 38/38 MP: 6/6
  2267 | D:4      | Reached skill level 7 in Ranged Weapons
  2282 | D:4      | Found a stormy altar of Qazlal.
  2422 | D:4      | Found a staircase to the Ecumenical Temple.
  2423 | D:4      | 2423 ||| PLANNING TEMPLE
  2423 | D:4      | 2423 ||| UPGRADING to +0 helmet.
  2428 | D:4      | 2428 ||| READING scroll labelled BASOXE ZYOL.
  2429 | D:4      | 2429 ||| READING 2 scrolls labelled TIEMUE GYGHEIKH.
  2430 | D:4      | 2430 ||| READING scroll of enchant armour.
  2430 | D:4      | 2430 ||| ENCHANTING +0 helmet.
  2439 | Temple   | Entered the Ecumenical Temple
  2440 | Temple   | 2440 ||| PLANNING D:1-11
  2746 | D:4      | Reached XP level 7. HP: 41/43 MP: 7/7
  2798 | D:5      | Entered Level 5 of the Dungeon
  2805 | D:5      | 2805 ||| STAIRDANCE
  2824 | D:4      | HP: 10/43 [white imp/puff of frost (6)]
  2825 | D:4      | 2825 ||| READING scroll of teleportation.
  2825 | D:4      | HP: 4/43 [white imp (2)]
  2827 | D:4      | HP: 1/43 [white imp/puff of frost (4)]
  3050 | D:5      | 3050 ||| STAIRDANCE
  3092 | D:5      | 3092 ||| STAIRDANCE
  3148 | D:5      | Noticed Pikel
  3148 | D:5      | 3148 ||| RETREEAATING.
  3150 | D:5      | 3150 ||| STILL RETREEAATING.
  3151 | D:5      | 3151 ||| STILL RETREEAATING.
  3153 | D:5      | 3153 ||| RETREEAATING.
  3154 | D:5      | 3154 ||| Stepping ~*~*~tactically~*~*~ (retreating).
  3155 | D:5      | 3155 ||| Stepping ~*~*~tactically~*~*~ (retreating).
  3156 | D:5      | 3156 ||| Stepping ~*~*~tactically~*~*~ (retreating).
  3163 | D:5      | 3163 ||| Stepping ~*~*~tactically~*~*~ (retreating).
  3177 | D:5      | HP: 10/43 [Pikel/+1 whip of flaming (7)]
  3178 | D:5      | 3178 ||| READING scroll of teleportation.
  3346 | D:5      | Reached skill level 8 in Ranged Weapons
  3446 | D:5      | HP: 11/44 [Pikel/+1 whip of flaming (2)]
  3452 | D:5      | HP: 4/44 [Pikel/+1 whip of flaming (4)]
  3453 | D:5      | Slain by Pikel

Levels and vault maps discovered:
D:1:      dpeg_arrival_arbitrary_b, layout_rooms, dreamdust_wishing_well,
          amcnicky_mini_rare_corridor_liquid
D:2:      layout_basic, minmay_misc_feat_tiny
D:3:      layout_basic, uniq_jessica
D:4:      layout_loops_corners, grunt_qazlal_clouds, temple_statues,
          uniq_sigmund
D:5:      layout_rooms, grunt_temple_overflow_octagram, minmay_bent, uniq_pikel,
          uniq_menkaure
Temple:   nicolae_temple_superstar

Skill      XL: |  1  2  3  4  5  6  7 |
---------------+----------------------+-----
Ranged Weapons | 5 6 7 8 |  8.1
Armour         | 1 |  1.0
Fighting       | 4 5 |  5.0
Dodging        | 2 |  2.1
Stealth        | |  1.1

Action                     |  1- 3 |  4- 6 |  7- 9 || total
---------------------------+-------+-------+-------++-------
   Fire: Shortbow          |    80 |   122 |   153 ||   355
    Use: Scroll            |     7 |     4 |     2 ||    13
         Potion            |     1 |       |       ||     1
 Armour: Leather armour    |     5 |       |       ||     5
         Ring mail         |    11 |     2 |       ||    13
         Robe              |       |    30 |   114 ||   144
  Dodge: Dodged            |    13 |    28 |    91 ||   132

Table legend:
 A = Non-vault XP
 B = Vault XP
 C = Vault XP percentage of total XP
 D = Non-vault monster count
 E = Vault monster count
 F = Vault count percentage of total count
                 A         B        C        D         E       F
            +---------+---------+-------+---------+---------+-------
      Total |     536 |     569 |  51.5 |      69 |       8 |  10.4
            +---------+---------+-------+---------+---------+-------
        D:1 |      38 |       0 |   0.0 |      14 |       0 |   0.0
        D:2 |      11 |       0 |   0.0 |       7 |       0 |   0.0
        D:3 |     128 |      37 |  22.4 |      12 |       1 |   7.7
        D:4 |     294 |     226 |  43.5 |      28 |       1 |   3.4
        D:5 |      65 |     306 |  82.5 |       8 |       6 |  42.9
            +---------+---------+-------+---------+---------+-------
